 Dungeon Sprint DCSS version 0.19.4 (webtiles) character file.

549 TryAgain the Nimble (level 10, -10/50 HPs)
             Began as a Deep Elf Air Elementalist on Feb 4, 2017.
             Was a High Priest of Vehumet.
             Killed by an exploding ball lightning (40 damage)
             ... created by the player character
             ... in the Dungeon (Sprint VI: "Thunderdome").
             The game lasted 00:24:52 (966 turns).

TryAgain the Nimble (Deep Elf Air Elementalist)      Turns: 966, Time: 00:24:53

Health: -10/50     AC:  3    Str:  5    XL:     10   Next: 46%
Magic:  4/28       EV: 22    Int: 24    God:    Vehumet [*****.]
Gold:   322        SH:  5    Dex: 15    Spells: 9 memorised, 3 levels left

rFire  + . .     SeeInvis .     n - -3 club (curse)
rCold  . . .     Gourm    .     a - +0 robe
rNeg   + + .     Faith    .     v - +0 buckler
rPois  +         Spirit   .     (no helmet)
rElec  .         Reflect  .     w - +0 cloak
rCorr  .         Harm     .     (no gloves)
MR     +....     NoTele   +     (no boots)
Stlth  ++........               t - amulet of Gluttony {+Blink +Inv rF+ Regen+}
                                r - ring "Gumyiv" {Wiz Slay+2}
                                q - ring "Taixkej" {rPois rN++}

@: no status effects
A: no striking features
a: Renounce Religion, Evoke Blink, Evoke Invisibility
}: 1/15 runes: decaying


You were in the Dungeon.
You worshipped Vehumet.
Vehumet was extremely pleased with you.
You were not hungry.

You visited 1 branch You collected 910 gold pieces.
You spent 588 gold pieces at shops.

Inventory:

Hand Weapons
 d - a cursed +2 spear
 n - a cursed -3 club (weapon)
 o - a +0 mace
 u - a +2 great sword of freezing
Armour
 a - a +0 robe (worn)
 p - a +0 scale mail
 v - a +0 buckler (worn)
 w - a +0 cloak (worn)
Jewellery
 q - the ring "Taixkej" (left hand) {rPois rN++}
   (You bought it in a shop in the Dungeon)

   [ring of poison resistance]

   It protects you from poison.
   It greatly protects you from negative energy.
 r - the ring "Gumyiv" (right hand) {Wiz Slay+2}
   (You bought it in a shop in the Dungeon)

   [ring of wizardry]

   It improves your spell success rate.
   It affects your accuracy and damage with ranged weapons and melee attacks
   (+2).
 s - the amulet "Womutoum" {Inacc +Inv rF+}
   (You bought it in a shop in the Dungeon)

   [amulet of inaccuracy]

   It reduces the accuracy of all your attacks.
   It protects you from fire.
   It lets you turn invisible.
 t - the amulet of Gluttony (around neck) {+Blink +Inv rF+ Regen+}
   (You bought it in a shop in the Dungeon)

   [amulet of regeneration]

   It protects you from fire.
   It lets you turn invisible.
   It lets you blink.
   It increases your rate of regeneration.
Wands
 j - a wand of acid (0/15)
 k - a wand of iceblast (0/15)
Scrolls
 l - 3 scrolls of fog
Potions
 f - 4 potions of haste
 h - a potion of berserk rage
 m - a potion of resistance
Books
 b - a book of Air

   Spells                             Type                      Level
   a - Shock                          Conjuration/Air              1
   b - Swiftness                      Charms/Air                   2
   c - Repel Missiles                 Charms/Air                   2
   d - Static Discharge               Conjuration/Air              3
   e - Lightning Bolt                 Conjuration/Air              5
 y - a book of the Sky

   Spells                             Type                      Level
   a - Summon Lightning Spire         Summoning/Air                4
   b - Airstrike                      Air                          4
   c - Silence                        Hexes/Air                    5
   d - Deflect Missiles               Charms/Air                   6
   e - Conjure Ball Lightning         Conjuration/Air              6
   f - Tornado                        Air                          9


   Skills:
 + Level 14.5 Dodging
 - Level 3.2 Stealth
 - Level 4.2 Shields
 + Level 12.1 Spellcasting
 + Level 9.4 Conjurations
 + Level 5.3 Hexes
 - Level 4.1 Fire Magic
 + Level 10.5 Air Magic
 + Level 9.4 Evocations


You had 3 spell levels left.
You knew the following spells:

 Your Spells              Type           Power        Failure   Level  Hunger
a - Shock                 Conj/Air       ####         1%          1    None
b - Flame Tongue          Conj/Fire      #####        1%          1    None
c - Static Discharge      Conj/Air       ######..     1%          3    None
d - Lightning Bolt        Conj/Air       ######....   1%          5    ###....
e - Fulminant Prism       Conj/Hex       ######....   1%          4    None
f - Summon Lightning Spi  Summ/Air       #####...     2%          4    None
g - Conjure Ball Lightni  Conj/Air       ######....   1%          6    #####..
h - Airstrike             Air            ######....   1%          4    None
i - Repel Missiles        Chrm/Air       #####.       1%          2    None


Dungeon Overview and Level Annotations

Branches:
Dungeon (1/1)

Altars:
Cheibriados
Dithmenos
Fedhas
Gozag
Kikubaaqudgha
Makhleb
Okawaru
Qazlal
Ru
Sif Muna
Trog
Uskayaw
Vehumet
Xom
Yredelemnul
Zin
The Shining One
Beogh
Jiyva
Lugonu

Shops:
D *[%??*?*:[((!!!!


Message History

Vehumet accepts your kill.
The blast of energy engulfs the guardian mummy.
The guardian mummy is moderately damaged.
The blast of energy engulfs the mummy.
You destroy the mummy!
Vehumet accepts your kill.
You feel your power returning.
Okay, then.
Casting: Fulminant Prism
Confirm with . or Enter, or press ? or * to list all spells.
Aiming: Summon Lightning Spire
Press: ? - help, Dir - move target cursor
Okay, then.
Casting: Summon Lightning Spire
Confirm with . or Enter, or press ? or * to list all spells.
You create some ball lightning!
Your ball lightning explodes!
The blast of lightning engulfs you!
Ouch! That really hurt!
You die...

#⌠...........⌠#
####.8.........8.######
.__.....§###..[..._._∩##
.......8.# #.8........∩###
.........###.............##
.....M###...###..........⌠#
......# #.<.# #..........§#
.M....###...###..........§#
.........###....@*.......##
.......8.# #.8........∩###
___...[..###...M..___∩##
####.8....M....8.######
#⌠...........⌠#
###.........### #_......._#
#_......._# #_......._#


You could see 2 guardian mummies and a friendly ball lightning.

Vanquished Creatures
  A wizard (D)
  4 ugly things (D)
  A soldier ant (D)
  2 water moccasins (D)
  2 killer bees (D)
  4 wights (D)
  Terence (D)
  3 worker ants (D)
  3 mummies (D)
  3 adders (D)
  A spectral adder (D)
  A bat (D)
  A ball python (D)
  A kobold (D)
  A spectral ball python (D)
  A spectral giant cockroach (D)
30 creatures vanquished.

Vanquished Creatures (others)
  5 fulminant prisms (D)
5 creatures vanquished.

Grand Total: 35 creatures vanquished

Notes
Turn   | Place    | Note
-------+----------+-------------------------------------------
     0 | D        | TryAgain the Deep Elf Air Elementalist began the quest for the Orb.
     0 | D        | Reached XP level 1. HP: 10/10 MP: 6/6
     1 | D        | Found a blossoming altar of Fedhas.
     1 | D        | Found a basalt altar of Yredelemnul.
     2 | D        | Found an ancient bone altar of Kikubaaqudgha.
     2 | D        | Found an iron altar of Okawaru.
     3 | D        | Found a roughly hewn altar of Beogh.
     3 | D        | Found a viscous altar of Jiyva.
     4 | D        | Found a glowing golden altar of the Shining One.
     4 | D        | Found a bloodstained altar of Trog.
     4 | D        | Found Jaojaimoemp's Premium Goods.
     4 | D        | Found Cokhupt's Weapon Rack.
     5 | D        | Found Xymn's Miscellaneous Merchandise.
     5 | D        | Found Pun Bops's Basic Armour.
     5 | D        | Round 1.
    11 | D        | Found a stormy altar of Qazlal.
    12 | D        | Found a corrupted altar of Lugonu.
    13 | D        | Found a snail-covered altar of Cheibriados.
    14 | D        | Found Wadukag's Do-It-Yourself Clinic.
    14 | D        | Found a deep blue altar of Sif Muna.
    14 | D        | Found a glowing silver altar of Zin.
    14 | D        | Found Pikkena's Distillery.
    15 | D        | Found Nilliret's Bottled Wisdom.
    15 | D        | Found Evu Notu's Distillery.
    22 | D        | Found a hide-covered altar of Uskayaw.
    23 | D        | Found a radiant altar of Vehumet.
    25 | D        | Found Fip Wez's Staff Store.
    27 | D        | Found an opulent altar of Gozag.
    27 | D        | Found a sacrificial altar of Ru.
    27 | D        | Found Quggaim's Magic Scroll Shop.
    27 | D        | Found Oma Ytek's Must-Have Magic.
    27 | D        | Found Unkoere's Magic Scroll Shop.
    35 | D        | Became a worshipper of Vehumet
    40 | D        | Found a shimmering altar of Xom.
    41 | D        | Found a burning altar of Makhleb.
    43 | D        | Found Hegaac's Bee Food.
    44 | D        | Found Icatagre's Jewellery.
    44 | D        | Found Tola Kugg's Advanced Armour.
    44 | D        | Found a shadowy altar of Dithmenos.
    44 | D        | Found Qopyll's Identification Station.
   104 | D        | Noticed Terence
   112 | D        | Reached skill level 3 in Dodging
   112 | D        | Reached XP level 2. HP: 8/15 MP: 7/9
   113 | D        | Killed Terence
   113 | D        | Reached * piety under Vehumet
   113 | D        | Offered knowledge of Flame Tongue by Vehumet.
   113 | D        | Reached skill level 5 in Air Magic
   113 | D        | Reached XP level 3. HP: 10/19 MP: 8/11
   130 | D        | Arena points: 12 (+12) [x2]
   130 | D        | Reached skill level 4 in Dodging
   142 | D        | Bought a serpentine jade ring for 45 gold pieces
   142 | D        | Bought a steaming granite ring for 45 gold pieces
   142 | D        | Bought a warped emerald amulet for 45 gold pieces
   142 | D        | Identified the ring "Taixkej" {rPois rN++} (You bought it in a shop in the Dungeon)
   143 | D        | Identified the ring "Gumyiv" {Wiz Slay+2} (You bought it in a shop in the Dungeon)
   144 | D        | Identified the amulet "Womutoum" {Inacc +Inv rF+} (You bought it in a shop in the Dungeon)
   148 | D        | Bought a translucent pewter amulet for 45 gold pieces
   148 | D        | Identified the amulet of Gluttony {+Blink +Inv rF+ Regen+} (You bought it in a shop in the Dungeon)
   184 | D        | Round 2.
   192 | D        | Noticed a killer bee
   194 | D        | Noticed a soldier ant
   198 | D        | Reached skill level 5 in Spellcasting
   198 | D        | Reached skill level 1 in Evocations
   198 | D        | Reached XP level 4. HP: 15/24 MP: 9/13
   199 | D        | Reached ** piety under Vehumet
   200 | D        | Killed a soldier ant
   200 | D        | Reached skill level 6 in Dodging
   200 | D        | Reached XP level 5. HP: 16/28 MP: 11/16
   202 | D        | Reached skill level 5 in Conjurations
   205 | D        | Learned a level 1 spell: Flame Tongue
   209 | D        | Learned a level 3 spell: Static Discharge
   215 | D        | Learned a level 5 spell: Lightning Bolt
   218 | D        | HP: 1/28 [killer bee (3)]
   220 | D        | Offered knowledge of Throw Frost by Vehumet.
   220 | D        | Reached skill level 7 in Dodging
   220 | D        | Reached skill level 5 in Evocations
   220 | D        | Reached XP level 6. HP: 7/32 MP: 13/19
   240 | D        | Reached *** piety under Vehumet
   240 | D        | Arena points: 54 (+42) [x3]
   265 | D        | Round 3.
   267 | D        | Noticed a water moccasin
   272 | D        | Noticed a water moccasin
   272 | D        | Killed a water moccasin
   285 | D        | Killed a water moccasin
   285 | D        | Reached **** piety under Vehumet
   285 | D        | Reached skill level 8 in Dodging
   285 | D        | Reached XP level 7. HP: 36/36 MP: 1/21
   336 | D        | Arena points: 114 (+60) [x4]
   351 | D        | Round 4.
   415 | D        | Offered knowledge of Mephitic Cloud by Vehumet.
   437 | D        | Reached skill level 1 in Fire Magic
   445 | D        | Reached ***** piety under Vehumet
   477 | D        | Arena points: 274 (+160) [x5]
   490 | D        | Bought a potion of experience for 300 gold pieces
   490 | D        | Reached skill level 10 in Dodging
   490 | D        | Reached XP level 8. HP: 41/41 MP: 10/23
   509 | D        | Round 5.
   511 | D        | Bought a +0 buckler for 54 gold pieces
   511 | D        | Bought a +0 cloak for 54 gold pieces
   523 | D        | Noticed a witch
   542 | D        | Noticed a four-headed hydra
   544 | D        | Noticed a four-headed hydra
   551 | D        | Noticed an eight-headed hydra
   560 | D        | Killed a witch
   560 | D        | Offered knowledge of Fulminant Prism by Vehumet.
   560 | D        | Arena points: 519 (+245) [x7]
   560 | D        | Reached skill level 11 in Dodging
   560 | D        | Reached skill level 10 in Spellcasting
   560 | D        | Reached XP level 9. HP: 36/45 MP: 2/25
   561 | D        | Got a decaying rune of Zot
   562 | D        | Reached skill level 13 in Dodging
   562 | D        | Reached XP level 10. HP: 41/50 MP: 2/26
   568 | D        | Learned a level 4 spell: Fulminant Prism
   573 | D        | Learned a level 4 spell: Summon Lightning Spire
   580 | D        | Learned a level 6 spell: Conjure Ball Lightning
   585 | D        | Learned a level 4 spell: Airstrike
   588 | D        | Learned a level 2 spell: Repel Missiles
   729 | D        | Round 6.
   748 | D        | Noticed a white ugly thing
   754 | D        | Killed a white ugly thing
   754 | D        | Offered knowledge of Conjure Flame by Vehumet.
   754 | D        | Reached skill level 14 in Dodging
   797 | D        | Noticed a red ugly thing
   809 | D        | Noticed a white ugly thing
   810 | D        | Killed a red ugly thing
   810 | D        | Reached skill level 10 in Air Magic
   814 | D        | Noticed a green ugly thing
   814 | D        | Killed a white ugly thing
   826 | D        | Killed a green ugly thing
   826 | D        | Reached skill level 5 in Hexes
   848 | D        | Noticed a red ugly thing
   850 | D        | Noticed a red ugly thing
   857 | D        | Noticed a red ugly thing
   908 | D        | Arena points: 549 (+30) [x1]
   923 | D        | Round 7.
   943 | D        | Noticed a mummy priest
   957 | D        | Offered knowledge of Ozocubu's Refrigeration by Vehumet.
   966 | D        | Killed by an exploding ball lightning

Skill      XL: |  1  2  3  4  5  6  7  8  9 10 |
---------------+-------------------------------+-----
Dodging        | 3 4 6 7 8 10 11 13 14 | 14.5
Spellcasting   | 4 5 7 8 9 10 12 | 12.1
Air Magic      | 4 5 6 7 8 9 10 | 10.5
Stealth        | 3 |  3.2
Conjurations   | 2 4 5 6 7 8 9 |  9.4
Evocations     | 1 4 5 6 7 8 9 |  9.4
Fire Magic     | 1 4 |  4.1
Shields        | 4 |  4.2
Hexes          | 5 |  5.3

Action                   |  1- 3 |  4- 6 |  7- 9 | 10-12 || total
-------------------------+-------+-------+-------+-------++-------
Melee: Club              |       |       |     1 |       ||     1
 Cast: Shock             |     8 |     8 |    15 |     8 ||    39
       Static Discharge  |       |     6 |    12 |     2 ||    20
       Lightning Bolt    |       |       |     5 |    11 ||    16
       Fulminant Prism   |       |       |       |     5 ||     5
       Conjure Ball Ligh |       |       |       |     1 ||     1
Evoke: Wand              |     3 |     5 |     2 |       ||    10
  Use: Potion            |     1 |     3 |     3 |     2 ||     9
       Scroll            |       |       |     2 |     2 ||     4
  Eat: Bread ration      |       |       |       |     1 ||     1
Armor: Robe              |       |     2 |       |       ||     2
Dodge: Dodged            |     4 |    18 |    10 |     9 ||    41
Block: Buckler           |       |       |       |     3 ||     3
